 Dungeon Crawl Stone Soup version 0.20-a0-709-gd40821f (webtiles) character file.

4960 kidcy the Cruncher (level 10, -2/80 HPs)
             Began as a Formicid Fighter on Feb 21, 2017.
             Was a Follower of Ieoh Jian.
             Slain by a yak (11 damage)
             ... on level 14 of the Dungeon.
             The game lasted 00:19:15 (9918 turns).

kidcy the Cruncher (Formicid Fighter)               Turns: 9918, Time: 00:19:17

Health: -2/80      AC:  7    Str: 21    XL:     10   Next: 82%
Magic:  3/3        EV: 10    Int: 11    God:    Ieoh Jian [*.....]
Gold:   104        SH: 11    Dex: 13    Spells: 9/9 levels left

rFire    x . .     SeeInvis +   E - +9 mace "Fise Ale" {antimagic, +Fly rF- Int+3}
rCold    . . .     Gourm    +   B - +3 ring mail
rNeg     + . .     Faith    .   c - +0 shield
rPois    .         Spirit   .   (helmet unavailable)
rElec    .         Reflect  .   (no cloak)
rCorr    .         Harm     .   (no gloves)
MR       +....                  (no boots)
Stlth    +.........             j - amulet of the gourmand
Regen    0.3/turn               y - +2 ring of slaying
MPRegen  0.1/turn               x - ring of positive energy

@: no status effects
A: permanent stasis, dig shafts and tunnels, four strong arms, antennae 3,
deformed body, sense surroundings 1
a: Dig, Shaft Self, Renounce Religion, Evoke Flight


You were on level 14 of the Dungeon.
You worshipped Ieoh Jian.
Ieoh Jian was aware of your devotion.
You were not hungry.

You visited 2 branches of the dungeon, and saw 13 of its levels.

You collected 314 gold pieces.
You spent 210 gold pieces at shops.

Inventory:

Hand Weapons
 a - a +1 quarterstaff
 E - the +9 mace "Fise Ale" (weapon) {antimagic, +Fly rF- Int+3}
   (You found it on level 9 of the Dungeon)

   It reduces the magical energy of the wielder, and disrupts the spells and
   magical abilities of those hit.
   Natural abilities and divine invocations are not affected.
   It affects your intelligence (+3).
   It makes you vulnerable to fire.
   It lets you fly.
Armour
 c - a +0 shield (worn)
 e - a +2 helmet of see invisible
 B - a +3 ring mail (worn)
Jewellery
 h - an uncursed ring of fire
 j - an amulet of the gourmand (around neck)
 q - a +1 ring of protection {unknown}
 x - a ring of positive energy (left hand)
 y - a +2 ring of slaying (right hand)
Wands
 b - a wand of random effects (48/48)
 d - a wand of flame (17/48)
Scrolls
 l - 2 scrolls of remove curse
 r - a scroll of identify
 z - a scroll of magic mapping
Potions
 i - 2 potions of agility
 m - a potion of lignification
 u - a potion of degeneration {unknown}
 v - a potion of flight
 w - a potion of haste {unknown}
 A - a potion of brilliance {unknown}
Comestibles
 f - 5 bread rations
 g - 4 fruits
 o - 4 royal jellies
 s - 4 meat rations


   Skills:
 + Level 8.1 Fighting
 * Level 9.8 Staves
 + Level 8.3 Armour
 + Level 9.0 Shields


You had 9 spell levels left.
You didn't know any spells.

Dungeon Overview and Level Annotations

Branches:
Dungeon (15/15)            Temple (1/1) D:7          Depths (0/5) D:15
   Lair: D:8-11         Orc: D:9-12      Vaults: D:13-14

Altars:
Ashenzari
Dithmenos
Elyvilon
Fedhas
Gozag Ieoh Jian
Kikubaaqudgha
Makhleb
Okawaru
Qazlal
Ru
Trog
Uskayaw
Xom
Yredelemnul
Zin

Shops:
D:6 =

Annotations:
D:14 azzavlup's ghost, journeyman DrTm


Innate Abilities, Weirdness & Mutations

You cannot be hasted, slowed, berserked, paralysed or teleported.
You can dig through walls and to a lower floor.
Your four strong arms can wield two-handed weapons with a shield.
You have a pair of large antennae on your head. (SInv)
Armour fits poorly on your strangely shaped body.
You passively map a small area around you.


Message History

You retract your mandibles.
You block the unseen horror's attack. The unseen horror closely misses you.
You block the unseen horror's attack.
You spin and attack the unseen horror.
You sock the unseen horror!
The unseen horror seems to slow down as you strike a pressure point.
The unseen horror is moderately wounded.
The unseen horror hits you.
* * * LOW HITPOINT WARNING * * *
The unseen horror closely misses you.
There is a stone staircase leading up here.
The unseen horror hits you!
* * * LOW HITPOINT WARNING * * *
You block the unseen horror's attack.
You climb upwards.
Level annotation: azzavlup's ghost, journeyman DrTm The yak bellows! x4
The slime creature quivers.
The yak bellows!
The yak gores you!
You die...

#.# ##.##.##.### #.#
##.## .##.#
####.######J####... ,
........J.Y{{{{{.# , *
* .........##.####.# ,*
.........###.## .# *
.........# ##{##.# {
.........#####.#.##,
.......>.@Y.##.Ya.#.#
.........Y...Y......#
..........YY###...#...,
.[...............#.#.#
* ##.##....########.##*
# #....# ## * * *#.####
* *, * #. * , , * #. *


You could see a slime creature and 5 yaks.

Vanquished Creatures
  A slime creature (D:14)
  4 yaks
  A human (D:9)
  2 hogs (D:9)
  Menkaure (D:6)
  2 water moccasins
  2 ice beasts
  3 orc warriors
  A sky beast (D:7)
  3 phantoms (D:4)
  2 ogres
  A centaur (D:7)
  A crocodile (D:7)
  2 big kobolds
  A wyvern zombie (D:8)
  4 scorpions
  A water moccasin skeleton (D:7)
  3 wights (D:6)
  6 howler monkeys
  2 bullfrog zombies
  3 crimson imps
  3 hounds
  A quasit (D:7)
  3 jellies
  A bullfrog skeleton (D:6)
  2 orc priests
  2 centaur skeletons
  3 iguanas
  5 orc wizards
  6 worker ants
  A hound zombie (D:5)
  A mummy (D:5)
  7 gnolls
  12 adders
  An ooze (D:7)
  An adder skeleton (D:8)
  An adder zombie (D:6)
  5 worms
  2 dart slugs
  4 leopard geckos
  30 orcs
  10 giant cockroaches
  10 goblins
  3 hobgoblins
  10 jackals
  6 quokkas
  2 ball pythons
  9 bats
  7 frilled lizards
  A goblin zombie (D:5)
  14 kobolds
  An orc zombie (D:5)
  A quokka skeleton (D:6)
  16 rats
  2 bushes (D:1)
229 creatures vanquished.

Notes
Turn   | Place    | Note
-------+----------+-------------------------------------------
     0 | D:1      | kidcy the Formicid Fighter began the quest for the Orb.
     0 | D:1      | Reached XP level 1. HP: 18/18 MP: 1/1
    92 | D:1      | Reached XP level 2. HP: 24/24 MP: 2/2
   501 | D:1      | Reached XP level 3. HP: 29/29 MP: 3/3
  1141 | D:2      | Reached XP level 4. HP: 29/35 MP: 4/4
  1586 | D:3      | You fall through a shaft for 2 floors!
  1586 | D:5      | Entered Level 5 of the Dungeon
  1711 | D:4      | Reached XP level 5. HP: 41/42 MP: 5/5
  2129 | D:3      | Reached XP level 6. HP: 48/48 MP: 6/6
  2645 | D:3      | Reached skill level 5 in Shields
  2847 | D:4      | Found an opulent altar of Gozag.
  2954 | D:4      | Noticed a phantom
  3011 | D:4      | Killed a phantom
  3011 | D:4      | Reached XP level 7. HP: 41/55 MP: 7/7
  3294 | D:4      | Reached skill level 5 in Armour
  3639 | D:4      | Reached skill level 5 in Staves
  3662 | D:4      | Reached skill level 5 in Fighting
  3837 | D:5      | Reached XP level 8. HP: 53/62 MP: 8/8
  3869 | D:5      | You fall through a shaft for 2 floors!
  5310 | D:5      | Found a blossoming altar of Fedhas.
  5701 | D:6      | Reached XP level 9. HP: 37/69 MP: 9/9
  6025 | D:6      | Noticed Menkaure
  6044 | D:6      | Killed Menkaure
  6181 | D:6      | Found a burning altar of Makhleb.
  6476 | D:6      | Found Holl's Jewellery Shoppe.
  6696 | D:6      | Found a glowing silver altar of Zin.
  7064 | D:7      | Noticed a hippogriff
  7620 | D:7      | Found a staircase to the Ecumenical Temple.
  7647 | Temple   | Entered the Ecumenical Temple
  7732 | Temple   | Became a worshipper of the Ieoh Jian Council
  7974 | D:7      | Reached XP level 10. HP: 79/79 MP: 10/10
  8147 | D:8      | Found a bloodstained altar of Trog.
  8317 | D:6      | Bought a +2 ring of slaying for 210 gold pieces
  8710 | D:8      | Found a hide-covered altar of Uskayaw.
  8710 | D:8      | Found a white marble altar of Elyvilon.
  9004 | D:9      | Got a smoking mace
  9005 | D:9      | Identified the +9 mace "Fise Ale" {antimagic, +Fly rF- Int+3} (You found it on level 9 of the Dungeon)
  9042 | D:9      | You fall through a shaft for 2 floors!
  9057 | D:11     | You fall through a shaft for 3 floors!
  9142 | D:14     | Noticed a deep elf mage
  9217 | D:14     | Reached * piety under Ieoh Jian
  9268 | D:14     | Gained mutation: Armour fits poorly on your strangely shaped body. [potion of mutation]
  9268 | D:14     | Gained mutation: You passively map a small area around you. [potion of mutation]
  9605 | D:14     | Noticed a death knight
  9628 | D:14     | Noticed a green ugly thing
  9628 | D:14     | Noticed a green ugly thing
  9629 | D:14     | Noticed a green ugly thing
  9664 | D:15     | Entered Level 15 of the Dungeon
  9692 | D:14     | Noticed azzavlup's ghost (journeyman DrTm)
  9812 | D:15     | Noticed an unseen horror
  9918 | D:14     | Slain by a yak

Vault maps used:
D:1:      onia_arrival_pyramid, serial_forest, infiniplex_forest_clump_long,
          infiniplex_forest_end_3, infiniplex_forest_clump_curved,
          infiniplex_forest_straight_2, infiniplex_forest_lined_3,
          infiniplex_forest_lined_room_3
D:2:      first_bread
D:4:      kennysheep_mini
D:5:      nicolae_ossuary_entry_giza, fedhas_altar_1
D:6:      kennysheep_spiral_hall, zin_academy, kennysheep_little_box,
          serial_shops, kennysheep_mini_moat, uniq_menkaure
D:7:      minmay_temple_entry_junction_2
D:8:      lightli_temple_of_fire, gammafunk_temple_overflow_wave
D:9:      grunt_livestock
D:11:     grunt_lair_entry_orc_guard_hut, uniq_psyche, uniq_nergalle
D:14:     hangedman_vaults_entry_quadrant_bands
D:15:     grunt_enter_depths_hoard, nicolae_two_hexagons
Temple:   regret_index_temple_sphere_string

Skill      XL: |  1  2  3  4  5  6  7  8  9 10 |
---------------+-------------------------------+-----
Shields        | 4 5 6 7 9 |  9.0
Armour         | 4 5 6 7 8 |  8.3
Staves         | 3 4 5 6 8 9 |  9.8
Fighting       | 4 5 6 7 8 |  8.1

Action                   |  1- 3 |  4- 6 |  7- 9 | 10-12 || total
-------------------------+-------+-------+-------+-------++-------
Melee: Quarterstaff      |   207 |   191 |   521 |    86 ||  1005
       Mace              |       |       |       |    73 ||    73
 Abil: Shaft Self        |       |       |     1 |     2 ||     3
       Dig               |       |       |     2 |    13 ||    15
  Use: Scroll            |       |     2 |    12 |     3 ||    17
       Potion            |       |       |     1 |    16 ||    17
  Eat: Chunk             |     1 |     6 |    30 |     2 ||    39
       Bread ration      |       |       |       |     3 ||     3
Armor: Scale mail        |    54 |    73 |    12 |       ||   139
       Ring mail         |       |       |   129 |    42 ||   171
       Skin              |       |       |       |    43 ||    43
Dodge: Dodged            |    46 |    67 |   161 |    58 ||   332
Block: Shield            |    77 |   102 |   245 |   124 ||   548
